 Dungeon Crawl Stone Soup version 0.30.0-5-g1a98f26d00 (webtiles) character file.

Game seed: 1546456207223925051

57 jasper the Stinger (level 3, -1/26 HPs)
             Began as a Demigod Venom Mage on May 9, 2023.
             Slain by a gnoll
             ... wielding a +0 whip
              (4 damage)
             ... on level 3 of the Dungeon.
             The game lasted 00:02:52 (1937 turns).

jasper the Stinger (Demigod Venom Mage)             Turns: 1937, Time: 00:02:52

Health: -1/26      AC:  2    Str:  9    XL:     3   Next: 50%
Magic:  0/8        EV: 12    Int: 21    God:
Gold:   71         SH:  0    Dex: 14    Spells: 2/5 levels left

rFire   . . .        c - +1 great sword
rCold   . . .        (shield currently unavailable)
rNeg    . . .        a - +0 robe
rPois   .            (no helmet)
rElec   .            (no cloak)
rCorr   .            (no gloves)
SInv    .            (no boots)
Will    .....        (no amulet)
Stlth   ++           (no ring)
HPRegen 0.24/turn    (no ring)
MPRegen 0.11/turn

%: no passive effects
@: very slightly contaminated, hasted (expiring), very quick
A: high MP 1, forlorn, divine attributes
a: no special abilities


You were on level 3 of the Dungeon.
You visited 1 branch of the dungeon, and saw 3 of its levels.

You collected 71 gold pieces.

Inventory:

Hand Weapons
 c - a +1 great sword (weapon)
Missiles
 f - 19 stones
Armour
 a - a +0 robe (worn)
Scrolls
 j - a scroll of enchant armour {unknown}
Potions
 b - a potion of magic
 d - a potion of haste
 e - a potion of lignification {unknown}
 g - a potion of attraction {unknown}
 h - a potion of degeneration {unknown}
 i - a potion of resistance {unknown}
 k - a potion of invisibility {unknown}
 l - a potion of curing {unknown}
 m - 2 potions of heal wounds {unknown}


   Skills:
 - Level 1.7 Dodging
 - Level 1.7 Stealth
 - Level 1.7 Spellcasting
 - Level 0.8 Transmutations
 + Level 4.3 Poison Magic


You had 2 spell levels left.
You knew the following spells:

 Your Spells              Type           Power      Damage    Failure   Level
a - Sting                 Tmut/Pois      48%        1d5       5%          1
b - Poisonous Vapours     Pois/Air       20%        N/A       10%         2

Your spell library contained the following spells:

 Spells                   Type           Power      Damage    Failure   Level
 Beastly Appendage        Tmut           10%        N/A       11%         1
 Freeze                   Ice            4%         1d3       16%         1
 Wereblood                Tmut           5%         N/A       16%         2
 Spider Form              Tmut/Pois      12%        N/A       16%         3
 Mephitic Cloud           Conj/Pois/Air  7%         N/A       26%         3
 Olgreb's Toxic Radiance  Pois           20%        N/A       26%         4
 Frozen Ramparts          Ice            2%         1d1       41%         3
 Hailstorm                Conj/Ice       1%         3d3       41%         3


Dungeon Overview and Level Annotations

Branches:
Dungeon (3/15)


Innate Abilities, Weirdness & Mutations

You have an increased reservoir of magic. (+10% MP)
You shall have no god before yourself.
Your divine heritage dramatically boosts your attributes as you level up.


Message History

You can't see any susceptible monsters within range! (Use Z to cast anyway.) Unknown command.
Casting: Sting (safe; 5% risk of failure)
Confirm with . or Enter, or press ? or * to list all spells.
Aiming: Sting (safe; 5% risk of failure)
Press: ? - help, Shift-Dir - straight line, f - gnoll
Aim: a gnoll, wielding a +0 flail (75% to hit)
The sting hits the gnoll but does no damage.
The gnoll is poisoned.
Casting: Sting (safe; 5% risk of failure)
Confirm with . or Enter, or press ? or * to list all spells.
Aiming: Sting (safe; 5% risk of failure)
Press: ? - help, Shift-Dir - straight line, f/p - gnoll
Aim: a gnoll, wielding a +0 flail (poisoned, 75% to hit)
The sting misses the gnoll.
You now have 0/8 mp.
A gnoll comes into view. It is wielding a +0 whip.
The gnoll shouts!
The gnoll hits you with a +0 whip.
* * * LOW HITPOINT WARNING * * *
You take 6 damage, and have 1/26 hp.
MASSIVE DAMAGE!!
The gnoll completely misses you.
You see here a +0 whip.
Casting: Sting (safe; 5% risk of failure)
Confirm with . or Enter, or press ? or * to list all spells.
You can't see any susceptible monsters within range! (Use Z to cast anyway.) Unknown command.
Casting: Sting (safe; 5% risk of failure)
Confirm with . or Enter, or press ? or * to list all spells.
Aiming: Sting (safe; 5% risk of failure)
Press: ? - help, Shift-Dir - straight line, f - gnoll, p - gnoll
Aim: a gnoll, wielding a +0 whip (75% to hit)
You miscast Sting.
You are very lightly contaminated with residual magic.
Nothing appears to happen.
You now have 0/8 mp.
Your extra speed is starting to run out.
The gnoll shouts!
The gnoll hits you with a +0 whip.
You die...

.......g.g.....#.......#).#.####.
.....#####.g...###.#......#.#....
.g... #####.# #.#.##.....#.##.
..... #.# #.#...>..###.##. .....
###g# #.#...[..###.... .....
#...# #............. .....
#.##### #..<..######## #####
#....g# ####....#.....
#####@#.......#.##.##.
#.#########.##.##.
#.#########....##.
#....g...g..g.....
##################


You could see a gnoll.

Vanquished Creatures
  A gnoll (D:3)
  An adder (D:3)
  A dart slug (D:2)
  4 ball pythons
  3 endoplasms
  2 goblins
  5 hobgoblins
  A quokka (D:1)
  4 bats
  9 frilled lizards
  3 kobolds (D:1)
  4 rats
38 creatures vanquished.

Notes
Turn   | Place    | Note
-------+----------+-------------------------------------------
     0 | D:1      | jasper the Demigod Venom Mage began the quest for the Orb.
     0 | D:1      | Reached XP level 1. HP: 14/14 MP: 5/5
   146 | D:1      | Reached skill level 3 in Poison Magic
   355 | D:1      | You fall into a shaft and drop 1 floor!
   416 | D:2      | Reached XP level 2. HP: 19/20 MP: 4/7
   420 | D:2      | Learned a level 2 spell: Poisonous Vapours
  1633 | D:3      | Reached XP level 3. HP: 26/26 MP: 5/8
  1638 | D:3      | Reached skill level 4 in Poison Magic
  1885 | D:3      | HP: 1/26 [gnoll/+0 whip (7)]
  1922 | D:3      | HP: 1/26 [gnoll/+0 whip (6)]
  1937 | D:3      | Slain by a gnoll

Illustrated notes

Levels and vault maps discovered:
D:1:      roderic_crossed_star, layout_loops_cross,
          shapermc_ecumenical_altar_notcrosses
D:2:      layout_basic
D:3:      layout_basic

Skill      XL: |  1  2  3 |
---------------+----------+-----
Poison Magic   | 3 4 |  4.3
Dodging        | |  1.7
Stealth        | |  1.7
Spellcasting   | |  1.7
Transmutations | |  0.8

Action                     || total
---------------------------++-------
  Melee: Great sword       ||     8
   Cast: Sting             ||    58
         Poisonous Vapours ||     4
    Use: Scroll            ||     1
         Potion            ||     1
 Armour: Robe              ||     4
  Dodge: Dodged            ||    13
